 Dungeon Crawl Stone Soup version 0.25-a0-289-g406d6369f5 (webtiles) character file.

Game seed: 7179515546457057275, levelgen mode: deterministic

337 DerDa the Stinger (level 6, -1/70 HPs)
             Began as a Gnoll Wanderer on Dec 13, 2019.
             Killed from afar by an orc wizard (10 damage)
             ... with a puff of flame
             ... on level 4 of the Dungeon.
             The game lasted 00:10:16 (4383 turns).

DerDa the Stinger (Gnoll Wanderer)                  Turns: 4383, Time: 00:10:16

Health: -1/70      AC: 23    Str: 13    XL:     6   Next: 54%
Magic:  14/14      EV:  2    Int: 19    God:
Gold:   160        SH:  0    Dex: 13    Spells: 8/15 levels left

rFire    . . .     SeeInvis +   l - +2 whip (elec)
rCold    . . .     Gourm    .   (no shield)
rNeg     + + +     Faith    .   (armour currently unavailable)
rPois    +         Spirit   .   (helmet currently unavailable)
rElec    .         Reflect  .   (cloak currently unavailable)
rCorr    .         Harm     .   (gloves currently unavailable)
MR       .....     NoTele   +   (boots currently unavailable)
Stlth    ++........             y - amulet of the acrobat
HPRegen  0.21/turn              o - ring of poison resistance
MPRegen  0.14/turn              v - ring of see invisible

@: tree-form, lightly drained
A: distributed training, strong nose
a: no special abilities


You were on level 4 of the Dungeon.
You were not hungry.
You were a tree.
You visited 1 branch of the dungeon, and saw 4 of its levels.

You collected 160 gold pieces.

Inventory:

Hand Weapons
 a - a +0 club
 i - a +0 spear
 k - a +0 hunting sling
 l - a +2 whip of electrocution (weapon)
Missiles
 b - 52 bolts
 e - 221 stones (quivered)
 g - 11 poisoned darts
 h - 56 sling bullets
Armour
 d - a +0 robe (melded)
 C - a +0 cloak (melded)
Jewellery
 o - a ring of poison resistance (left branch)
 v - a ring of see invisible (right branch)
 y - an amulet of the acrobat (around neck)
 z - an uncursed ring of fire
Scrolls
 j - 2 scrolls of teleportation {unknown}
 n - 2 scrolls of remove curse {unknown}
 p - a scroll of blinking {unknown}
 r - 3 scrolls of amnesia {unknown}
 s - a scroll of fear {unknown}
 t - 2 scrolls of noise {unknown}
 u - 3 scrolls of identify {unknown}
Potions
 m - a potion of berserk rage {unknown}
 q - 3 potions of curing
 w - a potion of might {unknown}
 x - a potion of magic {unknown}
 A - a potion of mutation {unknown}
 B - a potion of brilliance {unknown}
Comestibles
 f - 4 rations
 D - a chunk of flesh


   Skills:
 + Level 3.2(2.9) Fighting
 + Level 2.0(1.6) Short Blades
 + Level 5.0(4.6) Long Blades
 + Level 2.0(1.6) Axes
 + Level 2.0(1.6) Maces & Flails
 + Level 2.0(1.6) Polearms
 + Level 2.0(1.6) Staves
 + Level 2.0(1.6) Slings
 + Level 2.0(1.6) Bows
 + Level 2.0(1.6) Crossbows
 + Level 3.2(2.9) Throwing
 + Level 2.0(1.6) Armour
 + Level 2.0(1.6) Dodging
 + Level 2.0(1.6) Stealth
 + Level 2.0(1.6) Shields
 + Level 2.0(1.6) Unarmed Combat
 + Level 5.3(5.0) Spellcasting
 + Level 1.5(1.2) Conjurations
 + Level 1.5(1.2) Hexes
 + Level 1.5(1.2) Charms
 + Level 1.5(1.2) Summonings
 + Level 1.5(1.2) Necromancy
 + Level 1.5(1.2) Translocations
 + Level 1.5(1.2) Transmutations
 + Level 1.5(1.2) Fire Magic
 + Level 1.5(1.2) Ice Magic
 + Level 1.5(1.2) Air Magic
 + Level 1.5(1.2) Earth Magic
 + Level 5.6(5.3) Poison Magic
 + Level 2.1(1.8) Invocations
 + Level 3.2(2.9) Evocations


You had 8 spell levels left.
You knew the following spells:

 Your Spells              Type           Power        Failure   Level  Hunger
a - Mephitic Cloud        Conj/Pois/Air  ##......     13%         3    ##.....
b - Olgreb's Toxic Radia  Pois           ####....     14%         4    ####...

Your spell library contained the following spells:

 Spells                   Type           Power        Failure   Level  Hunger
 Sting                    Tmut/Pois      ###.         3%          1    None
 Poisonous Vapours        Pois/Air       ###...       4%          2    #......
 Summon Small Mammal      Summ           #...         8%          1    None
 Ignite Poison            Fire/Tmut/Pois ##......     13%         3    ##.....
 Call Canine Familiar     Summ           #.......     22%         3    ##.....


Dungeon Overview and Level Annotations

Branches:
Dungeon (4/15)
 Temple: D:4-7

Altars:
Nemelex Xobeh
Qazlal


Innate Abilities, Weirdness & Mutations

Your experience applies equally to all skills.
((You have very sharp teeth.))
Your uncanny sense of smell can sniff out nearby items.


Message History

The puff of frost hits you.
You closely miss the orc wizard. The orc wizard misses you.
You hit the orc wizard.
Lightning courses through the orc wizard!
The orc wizard is almost dead.
The orc wizard hits you with a +1 dagger of electrocution.
The orc wizard mumbles some strange words.
The orc wizard blinks!
The orc wizard hits you with a +1 dagger of electrocution.
You are electrocuted!!
* * * LOW HITPOINT WARNING * * *
Really quaff the potion of lignification?
You turn into a tree.
Your +0 cloak melds into your body.
Your +0 robe melds into your body.
Your roots penetrate the ground.
The orc wizard gestures at you while chanting.
The puff of frost hits you but does no damage.
It was a potion of curing.
You feel better.
The orc wizard gestures at you while chanting.
The puff of flame hits you!
You die...

# # .. # ################⌠.⌠
###.........#......_.
....##............⌠.⌠
######.#......#####.
######.#......###### ∆
.............#..♣og# .
.....##.......####o#######o..o
####..........# #....o.g...o.
# #..####.##.# #..########.. #
.......##.# #..#
#####.###..##.# #..# ...÷..#
#. #. #### ####### #. ..######


You could see an orc wizard, a gnoll and an orc.

Vanquished Creatures
  3 orc priests (D:3)
  An orc wizard (D:3)
  Crazy Yiuf (D:3)
  A howler monkey skeleton (D:4)
  10 adders
  An ooze (D:3)
  A worm (D:2)
  2 dart slugs
  6 orcs
  2 ball pythons (D:2)
  3 giant cockroaches
  6 goblins
  11 hobgoblins
  7 jackals
  3 quokkas
  9 bats
  2 frilled lizards
  6 kobolds
  7 rats
82 creatures vanquished.

Notes
Turn   | Place    | Note
-------+----------+-------------------------------------------
     0 | D:1      | DerDa the Gnoll Wanderer began the quest for the Orb.
     0 | D:1      | DerDa set off with the following items: a +0 club, a potion
                  | of lignification, a +0 robe, a ration; and the following
                  | spells available to memorise: Sting, Poisonous Vapours,
                  | Summon Small Mammal, Olgreb's Toxic Radiance, Ignite
                  | Poison, Mephitic Cloud, Call Canine Familiar
     0 | D:1      | Reached XP level 1. HP: 17/17 MP: 6/6
   255 | D:1      | Reached XP level 2. HP: 20/23 MP: 7/7
  1307 | D:2      | Reached XP level 3. HP: 28/28 MP: 9/9
  1342 | D:2      | Found a sparkling altar of Nemelex Xobeh.
  1393 | D:2      | Reached skill level 5 in Spellcasting
  1404 | D:2      | Reached skill level 1 in Invocations
  1442 | D:2      | Reached skill level 1 in Short Blades
  1442 | D:2      | Reached skill level 1 in Axes
  1442 | D:2      | Reached skill level 1 in Maces & Flails
  1442 | D:2      | Reached skill level 1 in Polearms
  1442 | D:2      | Reached skill level 1 in Staves
  1442 | D:2      | Reached skill level 1 in Slings
  1442 | D:2      | Reached skill level 1 in Bows
  1442 | D:2      | Reached skill level 1 in Crossbows
  1442 | D:2      | Reached skill level 1 in Armour
  1442 | D:2      | Reached skill level 1 in Dodging
  1442 | D:2      | Reached skill level 1 in Stealth
  1442 | D:2      | Reached skill level 1 in Shields
  1442 | D:2      | Reached skill level 1 in Unarmed Combat
  1479 | D:2      | Reached XP level 4. HP: 18/34 MP: 11/11
  1484 | D:2      | Learned a level 3 spell: Mephitic Cloud
  1489 | D:2      | Learned a level 4 spell: Olgreb's Toxic Radiance
  2035 | D:2      | Reached skill level 1 in Conjurations
  2035 | D:2      | Reached skill level 1 in Hexes
  2035 | D:2      | Reached skill level 1 in Charms
  2035 | D:2      | Reached skill level 1 in Summonings
  2035 | D:2      | Reached skill level 1 in Necromancy
  2035 | D:2      | Reached skill level 1 in Translocations
  2035 | D:2      | Reached skill level 1 in Transmutations
  2035 | D:2      | Reached skill level 1 in Fire Magic
  2035 | D:2      | Reached skill level 1 in Ice Magic
  2035 | D:2      | Reached skill level 1 in Air Magic
  2035 | D:2      | Reached skill level 1 in Earth Magic
  2340 | D:3      | Reached XP level 5. HP: 24/40 MP: 12/12
  3332 | D:3      | Reached XP level 6. HP: 43/47 MP: 13/13
  3370 | D:3      | Found a stormy altar of Qazlal.
  3870 | D:3      | Found a runed translucent door.
  3871 | D:3      | Noticed Crazy Yiuf
  4024 | D:3      | Killed Crazy Yiuf
  4024 | D:3      | Reached skill level 5 in Long Blades
  4355 | D:4      | Found a sparkling altar of Nemelex Xobeh.
  4381 | D:4      | HP: 2/47 [orc wizard/+1 dagger of electrocution (19)]
  4383 | D:4      | Killed from afar by an orc wizard

Levels and vault maps discovered:
D:1:      psy_arrival_heroes, layout_basic
D:2:      layout_basic, first_ration, nemelex_spade_bored_becter
D:3:      layout_loops_corners, lemuel_crystal_altar, uniq_crazy_yiuf_cottage
D:4:      layout_loops_ring, lemuel_doored_altar,
          nemelex_xobeh_ov_fountains_minmay, grunt_decor_mini_mirrors, tgw_sif

Skill      XL: |  1  2  3  4  5  6 |
---------------+-------------------+-----
Spellcasting   | 5 |  5.3
Invocations    | 1 2 |  2.1
Short Blades   | 1 2 |  2.0
Axes           | 1 2 |  2.0
Maces & Flails | 1 2 |  2.0
Polearms       | 1 2 |  2.0
Staves         | 1 2 |  2.0
Slings         | 1 2 |  2.0
Bows           | 1 2 |  2.0
Crossbows      | 1 2 |  2.0
Armour         | 1 2 |  2.0
Dodging        | 1 2 |  2.0
Stealth        | 1 2 |  2.0
Shields        | 1 2 |  2.0
Unarmed Combat | 1 2 |  2.0
Conjurations   | 1 |  1.5
Hexes          | 1 |  1.5
Charms         | 1 |  1.5
Summonings     | 1 |  1.5
Necromancy     | 1 |  1.5
Translocations | 1 |  1.5
Transmutations | 1 |  1.5
Fire Magic     | 1 |  1.5
Ice Magic      | 1 |  1.5
Air Magic      | 1 |  1.5
Earth Magic    | 1 |  1.5
Fighting       | 3 |  3.2
Throwing       | 3 |  3.2
Evocations     | 3 |  3.2
Long Blades    | 5 |  5.0
Poison Magic   | |  5.6

Action                   |  1- 3 |  4- 6 || total
-------------------------+-------+-------++-------
Melee: Club              |    36 |       ||    36
       Bite              |    11 |    15 ||    26
       Whip              |    81 |   165 ||   246
       Punch             |       |     1 ||     1
  Use: Potion            |       |     2 ||     2
 Stab: Sleeping          |     2 |     5 ||     7
  Eat: Chunk             |     2 |     9 ||    11
Armor: Robe              |    36 |    23 ||    59
       Skin              |       |     1 ||     1
Dodge: Dodged            |    96 |   111 ||   207

Table legend:
 A = Non-vault XP
 B = Vault XP
 C = Vault XP percentage of total XP
 D = Non-vault monster count
 E = Vault monster count
 F = Vault count percentage of total count
                 A         B        C        D         E       F
            +---------+---------+-------+---------+---------+-------
      Total |     446 |      36 |   7.5 |      81 |       1 |   1.2
            +---------+---------+-------+---------+---------+-------
        D:1 |      30 |       0 |   0.0 |      20 |       0 |   0.0
        D:2 |     111 |       0 |   0.0 |      30 |       0 |   0.0
        D:3 |     289 |      36 |  11.1 |      29 |       1 |   3.3
        D:4 |      16 |       0 |   0.0 |       2 |       0 |   0.0
            +---------+---------+-------+---------+---------+-------
